 Dungeon Crawl Stone Soup version 0.25.1-2-g60ff931df9 (webtiles) character file.

Game seed: 11308559284731136498

218 DearestLeader the Chopper (level 5, -13/45 HPs)
             Began as a Hill Orc Monk on Nov 13, 2020.
             Blown up by Ijyb (31 damage)
             ... with a disintegration bolt
             ... on level 4 of the Dungeon.
             The game lasted 00:05:25 (3467 turns).

DearestLeader the Chopper (Hill Orc Monk)           Turns: 3467, Time: 00:05:26

Health: -13/45     AC: 12    Str: 15    XL:     5   Next: 95%
Magic:  5/5        EV:  5    Int: 10    God:
Gold:   236        SH:  5    Dex: 13    Spells: 4/4 levels left

rFire    . . .     SeeInvis .   q - +0 war axe
rCold    . . .     Gourm    .   (no shield)
rNeg     . . .     Faith    .   d - +0 plate armour
rPois    .         Spirit   .   (no helmet)
rElec    .         Reflect  +   (no cloak)
rCorr    .         Harm     .   r - +0 pair of gloves
MR       .....                  (no boots)
Stlth    ..........             l - amulet of reflection
HPRegen  0.15/turn              (no ring)
MPRegen  0.09/turn              (no ring)

@: no status effects
A: no striking features
a: no special abilities


You were on level 4 of the Dungeon.
You were hungry.

You visited 1 branch of the dungeon, and saw 4 of its levels.

You collected 236 gold pieces.

Inventory:

Hand Weapons
 o - a +1 whip of holy wrath
 q - a +0 war axe (weapon)
Armour
 b - a +0 robe
 d - a +0 plate armour (worn)
 j - a +0 chain mail
 r - a +0 pair of gloves (worn)
Jewellery
 l - an amulet of reflection (around neck)
Scrolls
 e - a scroll of magic mapping
 f - 2 scrolls of noise
 g - a scroll of teleportation {unknown}
 i - 5 scrolls of remove curse
 k - a scroll of fog {unknown}
 m - a scroll of fear {unknown}
 n - 2 scrolls of enchant weapon {unknown}
 p - a scroll of blinking {unknown}
Potions
 h - 3 potions of haste
 s - a potion of invisibility {unknown}
Comestibles
 c - 5 rations


   Skills:
 + Level 3.6 Fighting
 * Level 7.7 Axes
 + Level 2.5 Armour
 - Level 2.4 Dodging
 - Level 1.5 Stealth


You had 4 spell levels left.
You didn't know any spells.
Your spell library contained the following spells:

 Spells                   Type           Power        Failure   Level  Hunger
 Beastly Appendage        Tmut           #.....       100%        1    ##.....
 Sticks to Snakes         Tmut           #.......     100%        2    ###....
 Spider Form              Tmut/Pois      #.........   100%        3    ####...
 Ice Form                 Ice/Tmut       #.......     100%        4    #####..
 Blade Hands              Tmut           #.........   100%        5    ######.


Dungeon Overview and Level Annotations

Branches:
Dungeon (4/15)
 Temple: D:4-7

Altars:
Sif Muna

Annotations:
D:2 1 runed translucent door, Crazy Yiuf
D:4 Ijyb


Message History

Ijyb screams, "Me very upset!"
You closely miss Ijyb. The adder bites you.
Ijyb screams, "I dance on your bones!" Ijyb hits you but does no damage.
You are feeling hungry.
You hit Ijyb but do no damage. You hit the adder but do no damage.
The adder bites you but does no damage. You block Ijyb's attack.
You closely miss Ijyb. You barely miss the adder. The adder closely misses you.
Ijyb hits you but does no damage. The adder bites you but does no damage.
The orc hits you with a +0 hand axe.
Ijyb zaps a wand.
You are blasted!
Ouch! That really hurt!
The orc hits you but does no damage.
You see here a scroll of identify.
You are too injured to fight recklessly!
You slash the orc!
You kill the orc!
Ijyb zaps a wand.
You are blasted!
Ouch! That really hurt!
You die...

##########
..........
.......#.#####
...<...#.#<..###
.......#.#.....#
.?.....Sg)@....#
.......#.#.#.#.#
.......#.#.#.#
.#
.......#.#...# #
##.......#####
..........
.........#
.......... ....#


You could see Ijyb and an adder.

Vanquished Creatures
  A bullfrog skeleton (D:3)
  Terence (D:3)
  5 adders
  3 worms
  A dart slug (D:1)
  3 leopard geckos
  9 orcs
  A ball python (D:1)
  8 bats
  A giant cockroach (D:2)
  15 goblins
  10 hobgoblins
  15 jackals
  7 kobolds
  6 frilled lizards
  12 rats
98 creatures vanquished.

Notes
Turn   | Place    | Note
-------+----------+-------------------------------------------
     0 | D:1      | DearestLeader the Hill Orc Monk began the quest for the
                  | Orb.
     0 | D:1      | Reached XP level 1. HP: 19/19 MP: 1/1
    44 | D:1      | Reached XP level 2. HP: 26/26 MP: 2/2
    79 | D:1      | Reached skill level 5 in Axes
   420 | D:1      | Reached XP level 3. HP: 31/31 MP: 3/3
  1324 | D:2      | Reached skill level 6 in Axes
  1341 | D:2      | Found a faded altar of an unknown god.
  1455 | D:2      | Reached XP level 4. HP: 34/39 MP: 4/4
  1858 | D:2      | Reached skill level 1 in Armour
  1971 | D:2      | Found a runed translucent door.
  1972 | D:2      | Noticed Crazy Yiuf
  2252 | D:3      | Reached skill level 7 in Axes
  2252 | D:3      | Reached XP level 5. HP: 45/45 MP: 5/5
  2290 | D:3      | Noticed Terence
  2338 | D:3      | Killed Terence
  2843 | D:3      | Found a shimmering blue altar of Sif Muna.
  3460 | D:4      | Noticed Ijyb
  3467 | D:4      | Blown up by Ijyb

Illustrated notes

Levels and vault maps discovered:
D:1:      dpeg_arrival_erosion, layout_rooms, serial_glass, glass_columns_a,
          glass_columns_a, minmay_tetromino_s2
D:2:      layout_rooms, first_ration, chequers_ecumenical_altar_simple_redux,
          kennysheep_doodads, uniq_crazy_yiuf_cottage
D:3:      kennysheep_goblin_castle, layout_rooms, led_sif_book, uniq_terence
D:4:      layout_basic, minitemple, serial_shops,
          nicolae_shop_overgrown_old_shop, nicolae_shop_statue_plus, shop,
          shop_fountains, nicolae_shop_statue_plus, fedhas_ov_isle_minmay,
          uniq_ijyb, uniq_duvessa

Skill      XL: |  1  2  3  4  5 |
---------------+----------------+-----
Axes           | 5 6 7 |  7.7
Armour         | 1 2 |  2.5
Fighting       | |  3.6
Dodging        | |  2.4
Stealth        | |  1.5

Action                   |  1- 3 |  4- 6 || total
-------------------------+-------+-------++-------
Melee: Hand axe          |   121 |    57 ||   178
       Whip              |       |   142 ||   142
       War axe           |       |    29 ||    29
  Use: Scroll            |       |     4 ||     4
  Eat: Chunk             |     2 |     6 ||     8
Armor: Robe              |    10 |       ||    10
       Chain mail        |    24 |    99 ||   123
       Plate armour      |       |    69 ||    69
Dodge: Dodged            |    71 |    85 ||   156
Block: Other             |       |    62 ||    62
       Reflection        |       |     5 ||     5
